MLB
MINNESOTA TWINS @ TAMPA BAY RAYS
03/11/2099
 
TOP OF THE 1ST
Minnesota Twins batting - Pitching for Tampa Bay Rays : RHP Edgar Ferretti
Pitching: RHP Edgar Ferretti
Batting: SHB William Maki 0-0: Ball
1-0: Ball
2-0: Foul Ball, location: 7LSF
2-1: TRIPLE (Line Drive, 9LD, EV 104.4 MPH)
Batting: RHB Dennis Jackson 0-0: Called Strike
0-1: Foul Ball, location: 2F
0-2: Ball
1-2: Fly out, F9 (Line Drive, 9, EV 90.0 MPH)
Runner from 3rd tags up, SCORES, no throw by RF
Batting: RHB Bill Widby 0-0: Called Strike
0-1: SINGLE (Groundball, 34D, EV 102.5 MPH)
Batting: LHB Emilio Gonzales 0-0: Called Strike
0-1: SINGLE (Flyball, 78S, EV 97.5 MPH)
Bill Widby to second
Batting: LHB Bobby Jones 0-0: Foul Ball, location: 2F
0-1: Foul Ball, location: 2F
0-2: Strikes out looking
Batting: RHB David Bazley 0-0: Foul Ball, location: 2F
0-1: Ball
1-1: Foul Ball, location: 5F
1-2: Foul Ball, location: 5F
1-2: SINGLE (Groundball, 56D, EV 95.0 MPH)
Bill Widby to third
Emilio Gonzales to second
Runner from 3rd tries for Home, SAFE, throw by LF to home
Batting: SHB Dan Mayes 0-0: SINGLE (Groundball, 34S, EV 89.4 MPH) (infield hit)
Emilio Gonzales to third
David Bazley to second
Batting: LHB Dan Barker 0-0: Called Strike
0-1: DOUBLE (Line Drive, 78D, EV 110.0 MPH)
Emilio Gonzales scores
David Bazley scores
Dan Mayes to third
Runner from 3rd tries for Home, SAFE, throw by LF to trailing runner, SAFE at third!
Batting: LHB Chris Armstrong 0-0: Called Strike
0-1: Called Strike
0-2: Ball
1-2: Foul Ball, location: 5FF
1-2: Strikes out swinging
Top of the 1st over - 5 runs, 6 hits, 0 errors, 1 left on base; Minnesota 5 - Tampa Bay 0
BOTTOM OF THE 1ST
Tampa Bay Rays batting - Pitching for Minnesota Twins : LHP Josh Schumann
Pitching: LHP Josh Schumann
Batting: SHB Jorge Ramos 0-0: Ball
1-0: Called Strike
1-1: Ball
2-1: Foul Ball, location: 2F
2-2: Strikes out swinging
Batting: RHB Dave Quintero 0-0: Ball
1-0: Ground out 5-3 (Groundball, 56, EV 97.5 MPH)
Batting: RHB Pedro Porras 0-0: Swinging Strike
0-1: Fly out, F9 (Flyball, 89D, EV 97.5 MPH)
Bottom of the 1st over - 0 runs, 0 hits, 0 errors, 0 left on base; Minnesota 5 - Tampa Bay 0
TOP OF THE 2ND
Minnesota Twins batting - Pitching for Tampa Bay Rays : RHP Edgar Ferretti
Batting: SHB William Maki 0-0: Ball
1-0: Called Strike
1-1: Ball
2-1: Ball
3-1: Foul Ball, location: 3F
3-2: Foul Ball, location: 2F
3-2: Ground out 4-3 (Groundball, 4, EV 100.0 MPH)
Batting: RHB Dennis Jackson 0-0: Swinging Strike
0-1: Ground out 4-3 (Groundball, 4, EV 91.9 MPH)
Batting: RHB Bill Widby 0-0: Foul Ball, location: 2F
0-1: Foul Ball, location: 2F
0-2: Ball
1-2: Foul Ball, location: 9LDF
1-2: Fly out, F9 (Flyball, 9D, EV 105.0 MPH)
Top of the 2nd over - 0 runs, 0 hits, 0 errors, 0 left on base; Minnesota 5 - Tampa Bay 0
BOTTOM OF THE 2ND
Tampa Bay Rays batting - Pitching for Minnesota Twins : LHP Josh Schumann
Batting: RHB Cesar Escamilla 0-0: Foul Ball, location: 23F
0-1: Swinging Strike
0-2: Ball
1-2: Strikes out looking
Batting: RHB Dave Taylor 0-0: Ball
1-0: Foul Ball, location: 2F
1-1: Foul Ball, location: 2F
1-2: Foul Ball, location: 2F
1-2: Ball
2-2: Ball
3-2: Base on Balls
Batting: SHB Willie Torres 0-0: Called Strike
0-1: Fielders Choice at 2nd, 6-4 (Groundball, 56, EV 78.1 MPH)
Batting: RHB Mel Garcia 0-0: Foul Ball, location: 2F
0-1: Fly out, F8 (Flyball, 8RM, EV 93.1 MPH)
Bottom of the 2nd over - 0 runs, 0 hits, 0 errors, 1 left on base; Minnesota 5 - Tampa Bay 0
TOP OF THE 3RD
Minnesota Twins batting - Pitching for Tampa Bay Rays : RHP Edgar Ferretti
Batting: LHB Emilio Gonzales 0-0: Called Strike
0-1: Foul Ball, location: 2F
0-2: Ground out 6-3 (Groundball, 4M, EV 83.1 MPH)
Batting: LHB Bobby Jones 0-0: Ball
1-0: Ball
2-0: Foul Ball, location: 5F
2-1: Swinging Strike
2-2: Foul Ball, location: 23FF
2-2: Foul Ball, location: 2F
2-2: Foul Ball, location: 2F
2-2: Ball
3-2: Base on Balls
Pitching: RHP Manny Vara
Batting: RHB David Bazley 0-0: Swinging Strike
Bobby Jones is caught stealing 2nd base 2-4
0-1: Ball
1-1: Foul Ball, location: 2F
1-2: Foul Ball, location: 25FF
1-2: Ball
2-2: Strikes out looking
Top of the 3rd over - 0 runs, 0 hits, 0 errors, 0 left on base; Minnesota 5 - Tampa Bay 0
BOTTOM OF THE 3RD
Tampa Bay Rays batting - Pitching for Minnesota Twins : LHP Josh Schumann
Batting: LHB Ray Behm 0-0: Called Strike
0-1: Ball
1-1: Ball
2-1: Foul Ball, location: 5SF
2-2: Ball
3-2: Foul Ball, location: 7LMF
3-2: Foul Ball, location: 2RF
3-2: DOUBLE (Line Drive, 8LXD, EV 100.0 MPH)
Batting: RHB Edgar Guerrero 0-0: Called Strike
0-1: Ground out 6-3 (Groundball, 6, EV 77.5 MPH)
Batting: SHB Jorge Ramos 0-0: Called Strike
0-1: Called Strike
0-2: SINGLE (Line Drive, 8LS, EV 100.0 MPH)
Ray Behm to third
Batting: RHB Dave Quintero 0-0: Foul Ball, location: 23F
0-1: Foul Ball, location: 2F
0-2: Strikes out looking
Batting: RHB Pedro Porras 0-0: Called Strike
0-1: Ball
1-1: Ground out 4-3 (Groundball, 4MS, EV 80.6 MPH)
Bottom of the 3rd over - 0 runs, 2 hits, 0 errors, 2 left on base; Minnesota 5 - Tampa Bay 0
TOP OF THE 4TH
Minnesota Twins batting - Pitching for Tampa Bay Rays : RHP Manny Vara
Pitching: RHP Jason Lento
Batting: SHB Dan Mayes 0-0: Called Strike
0-1: Swinging Strike
0-2: Ball
1-2: Foul Ball, location: 2F
1-2: Ball
2-2: Ball
3-2: Base on Balls
Batting: LHB Dan Barker 0-0: Fly out, F8 (Flyball, 8RM, EV 79.4 MPH)
Batting: LHB Chris Armstrong 0-0: Foul Ball, location: 2F
0-1: Fly out, F9 (Flyball, 89M, EV 90.0 MPH)
Batting: SHB William Maki 0-0: Foul Ball, location: 7LMF
0-1: Ball
1-1: Foul Ball, location: 25FF
1-2: Fielders Choice at 2nd, U6 (Groundball, 6M, EV 85.6 MPH)
Top of the 4th over - 0 runs, 0 hits, 0 errors, 1 left on base; Minnesota 5 - Tampa Bay 0
BOTTOM OF THE 4TH
Tampa Bay Rays batting - Pitching for Minnesota Twins : LHP Josh Schumann
Batting: RHB Cesar Escamilla 0-0: Ball
1-0: Foul Ball, location: 2F
1-1: Called Strike
1-2: Foul Ball, location: 2F
1-2: Foul Ball, location: 23F
1-2: Fly out, F9 (Line Drive, 9S, EV 102.5 MPH)
Batting: RHB Dave Taylor 0-0: Foul Ball, location: 2F
0-1: Called Strike
0-2: Ball
1-2: SINGLE (Line Drive, 8LS, EV 90.6 MPH)
Pitching: RHP Danny Nunez
Batting: SHB Willie Torres 0-0: Foul Ball, location: 7LDF
0-1: Foul Ball, location: 3F
0-2: Ball
1-2: SINGLE (Flyball, 89S, EV 96.3 MPH)
Dave Taylor to second
Batting: RHB Mel Garcia 0-0: Foul Ball, location: 9LMF
0-1: Ball
1-1: SINGLE (Groundball, 6, EV 105.0 MPH) (infield hit)
Dave Taylor to third
Willie Torres to second
Batting: LHB Ray Behm 0-0: Called Strike
0-1: Ball
1-1: Fly out, F6 (Popup, 6, EV 71.9 MPH)
Batting: RHB Edgar Guerrero 0-0: Called Strike
0-1: Ball
1-1: Ball
2-1: Fly out, F8 (Flyball, 8LD, EV 95.6 MPH)
Bottom of the 4th over - 0 runs, 3 hits, 0 errors, 3 left on base; Minnesota 5 - Tampa Bay 0
TOP OF THE 5TH
Minnesota Twins batting - Pitching for Tampa Bay Rays : RHP Jason Lento
Now at 1B: Bettino Sanguinacco
Now in LF: Jose Alcantar
Now in CF: Eric Watts
Now in RF: Jorge Ramos
Batting: RHB Dennis Jackson 0-0: Called Strike
0-1: Ball
1-1: Ball
2-1: Ground out U3 (Groundball, 3, EV 103.1 MPH)
Batting: RHB Bill Widby 0-0: Ball
1-0: Called Strike
1-1: Foul Ball, location: 2F
1-2: Fly out, F8 (Line Drive, 8RS, EV 99.4 MPH)
Pinch Hitting: RHB Rogelio Rivera 0-0: Ball
1-0: Reached via error on a dropped throw from 3B, E3 (Groundball, 56S, EV 91.9 MPH)
Pinch Hitting: RHB Joe Looby 0-0: Called Strike
0-1: Ball
1-1: Foul Ball, location: 7LSF
1-2: Ball
Rogelio Rivera is caught stealing 2nd base 2-4
Top of the 5th over - 0 runs, 0 hits, 1 error, 0 left on base; Minnesota 5 - Tampa Bay 0
BOTTOM OF THE 5TH
Tampa Bay Rays batting - Pitching for Minnesota Twins : RHP Danny Nunez
Now at C: Shane Cook
Now at 1B: Brian Taylor
Now at 2B: Gene Homann
Now at 3B: Dan Mayes
Now in LF: Joe Looby
Now in CF: John Daniels
Batting: SHB Jorge Ramos 0-0: Called Strike
0-1: SINGLE (Flyball, 4D, EV 89.4 MPH)
Pitching: RHP Mitsuyasu Kume
Batting: LHB Jose Alcantar 0-0: Called Strike
0-1: Ball
1-1: Swinging Strike
1-2: Strikes out swinging
Batting: LHB Bettino Sanguinacco 0-0: Ball
1-0: Fly out, F5 (Popup, 56S, EV 76.9 MPH)
Batting: RHB Cesar Escamilla 0-0: Swinging Strike
0-1: Called Strike
0-2: Ball
1-2: Strikes out swinging
Bottom of the 5th over - 0 runs, 1 hit, 0 errors, 1 left on base; Minnesota 5 - Tampa Bay 0
TOP OF THE 6TH
Minnesota Twins batting - Pitching for Tampa Bay Rays : RHP Jason Lento
Pitching: LHP Manny Herrera
Now at 3B: Allen Castellanos
Batting: RHB Joe Looby 0-0: Ball
1-0: Ball
2-0: Ball
3-0: Called Strike
3-1: Base on Balls
Batting: RHB Brian Taylor 0-0: Ball
1-0: Called Strike
1-1: Ball
2-1: Foul Ball, location: 5F
2-2: Ball
3-2: SINGLE (Line Drive, 56D, EV 96.3 MPH)
Joe Looby to second
Pinch Hitting: RHB Pablo Luna 0-0: Ball
1-0: Called Strike
1-1: Called Strike
1-2: Ball
2-2: Foul Ball, location: 5FF
2-2: Ball
3-2: Foul Ball, location: 23F
3-2: Grounds into double play, 5-4-3 (Groundball, 5, EV 105.6 MPH)
Joe Looby to third
Pinch Hitting: RHB Greg Schuler 0-0: 2-RUN HOME RUN (Flyball, 89XD, EV 106.3 MPH), Distance : 426 ft
Batting: SHB John Daniels 0-0: Foul Ball, location: 9LMF
0-1: Ball
1-1: Swinging Strike
1-2: Ball
2-2: Ball
3-2: Strikes out looking
Top of the 6th over - 2 runs, 2 hits, 0 errors, 0 left on base; Minnesota 7 - Tampa Bay 0
BOTTOM OF THE 6TH
Tampa Bay Rays batting - Pitching for Minnesota Twins : RHP Mitsuyasu Kume
Now at 3B: Pablo Luna
Now at SS: Nick White
Now in RF: Greg Schuler
Pinch Hitting: RHB Matt Weaver 0-0: Called Strike
0-1: Ball
1-1: Called Strike
1-2: Strikes out swinging
Batting: RHB Allen Castellanos 0-0: Called Strike
0-1: Ball
1-1: Called Strike
1-2: Ball
2-2: Strikes out swinging
Pitching: RHP Nick Bruhl
Pinch Hitting: RHB Jose Cobian 0-0: Fly out, F9 (Flyball, 9, EV 85.0 MPH)
Bottom of the 6th over - 0 runs, 0 hits, 0 errors, 0 left on base; Minnesota 7 - Tampa Bay 0
TOP OF THE 7TH
Minnesota Twins batting - Pitching for Tampa Bay Rays : LHP Manny Herrera
Pitching: RHP Jaden McCullough
Now at 2B: Matt Weaver
Now at SS: Jose Cobian
Batting: RHB Gene Homann 0-0: Called Strike
0-1: Called Strike
0-2: Fly out, F5 (Popup, 5SF, EV 80.0 MPH)
Batting: SHB Nick White 0-0: Swinging Strike
0-1: SINGLE (Line Drive, 4M, EV 98.1 MPH)
Batting: LHB Jay Molteni 0-0: Ball
1-0: Ball
2-0: Called Strike
2-1: Ball
3-1: Fielders Choice at 2nd, 1-6 (Groundball, 13, EV 68.8 MPH)
Batting: RHB Shane Cook 0-0: Called Strike
0-1: Foul Ball, location: 7LMF
0-2: Foul Ball, location: 2F
0-2: Ball
1-2: SINGLE (Groundball, 56, EV 102.5 MPH)
Jay Molteni to second
Batting: RHB Joe Looby 0-0: Ball
1-0: Foul Ball, location: 2F
1-1: Reached on error, E2 (Groundball, 2L, EV 67.5 MPH)
Jay Molteni to third
Shane Cook to second
Batting: RHB Brian Taylor 0-0: Foul Ball, location: 7LSFF
0-1: Swinging Strike
0-2: Ball
1-2: Ball
Balk!
Jay Molteni scores
Shane Cook to third
Joe Looby to second
2-2: Ball
3-2: Foul Ball, location: 2F
3-2: Foul Ball, location: 2F
3-2: DOUBLE (Line Drive, 7LM, EV 104.4 MPH)
Shane Cook scores
Joe Looby scores
Batting: RHB Pablo Luna 0-0: Ball
1-0: Ball
2-0: Ball
3-0: Called Strike
3-1: Swinging Strike
3-2: Strikes out swinging
Top of the 7th over - 3 runs, 3 hits, 1 error, 1 left on base; Minnesota 10 - Tampa Bay 0
BOTTOM OF THE 7TH
Tampa Bay Rays batting - Pitching for Minnesota Twins : RHP Nick Bruhl
Pinch Hitting: LHB Javier Portilla 0-0: Foul Ball, location: 3F
0-1: Called Strike
0-2: Fly out, F8 (Flyball, 8LM, EV 81.9 MPH)
Batting: RHB Edgar Guerrero 0-0: Ground out 6-3 (Groundball, 6S, EV 87.5 MPH)
Pinch Hitting: LHB Alex Flores 0-0: Called Strike
0-1: Called Strike
0-2: Ball
1-2: Foul Ball, location: 7LDF
1-2: Strikes out swinging
Bottom of the 7th over - 0 runs, 0 hits, 0 errors, 0 left on base; Minnesota 10 - Tampa Bay 0
TOP OF THE 8TH
Minnesota Twins batting - Pitching for Tampa Bay Rays : RHP Jaden McCullough
Pitching: RHP Alex Ramirez
Now in LF: Alex Flores
Now in CF: Jose Alcantar
Now in RF: Javier Portilla
Batting: RHB Greg Schuler 0-0: SINGLE (Groundball, 4MD, EV 95.6 MPH)
Batting: SHB John Daniels 0-0: TRIPLE (Line Drive, 9LD, EV 105.0 MPH)
Greg Schuler scores
Batting: RHB Gene Homann 0-0: Ball
1-0: Called Strike
1-1: Foul Ball, location: 5FF
1-2: Strikes out swinging
Batting: SHB Nick White 0-0: Ball
1-0: Ball
2-0: Foul Ball, location: 2LF
2-1: Ground out 5-3 (Groundball, 25, EV 81.9 MPH)
Batting: LHB Jay Molteni 0-0: Ball
1-0: Ball
2-0: Ball
3-0: Called Strike
3-1: Called Strike
3-2: Foul Ball, location: 2LF
3-2: SINGLE (Line Drive, 7S, EV 90.6 MPH)
John Daniels scores
Batting: RHB Shane Cook 0-0: Called Strike
0-1: Foul Ball, location: 9LSF
0-2: Strikes out looking
Top of the 8th over - 2 runs, 3 hits, 0 errors, 1 left on base; Minnesota 12 - Tampa Bay 0
BOTTOM OF THE 8TH
Tampa Bay Rays batting - Pitching for Minnesota Twins : RHP Nick Bruhl
Pinch Hitting: RHB Alex Soto 0-0: SINGLE (Line Drive, 89M, EV 106.9 MPH)
Pinch Hitting: RHB Bobby Williams 0-0: Ball
1-0: Ball
2-0: Ball
3-0: Called Strike
3-1: Base on Balls
Alex Soto to second
Batting: LHB George Elkins 0-0: Called Strike
0-1: Ball
Wild Pitch!
Alex Soto to third
Bobby Williams to second
1-1: Swinging Strike
1-2: Fly out, F4 (Popup, 4D, EV 73.8 MPH)
Pinch Hitting: LHB Xavier Longoria 0-0: Called Strike
0-1: Swinging Strike
0-2: Fly out, F9 (Flyball, 9D, EV 77.5 MPH)
Runner from 3rd tags up, SCORES, throw by RF
Bobby Williams to third
Pinch Hitting: LHB Matt Flagg 0-0: Called Strike
0-1: Fly out, F9 (Flyball, 9S, EV 81.9 MPH)
Bottom of the 8th over - 1 run, 1 hit, 0 errors, 1 left on base; Minnesota 12 - Tampa Bay 1
TOP OF THE 9TH
Minnesota Twins batting - Pitching for Tampa Bay Rays : RHP Alex Ramirez
Pitching: LHP Antonio Quevedo
Now at 1B: Xavier Longoria
Now at 2B: Matt Collier
Now at 3B: Bobby Williams
Now in CF: Alex Soto
Pinch Hitting: RHB Danny Strickland 0-0: Called Strike
0-1: Called Strike
0-2: Fly out, F7 (Flyball, 7D, EV 109.4 MPH)
Pinch Hitting: RHB Carlos Rodela 0-0: Foul Ball, location: 2F
0-1: Ball
1-1: Fly out, F9 (Flyball, 9, EV 77.5 MPH)
Pinch Hitting: RHB Dan Canseco 0-0: Fly out, F9 (Line Drive, 9, EV 87.5 MPH)
Top of the 9th over - 0 runs, 0 hits, 0 errors, 0 left on base; Minnesota 12 - Tampa Bay 1
BOTTOM OF THE 9TH
Tampa Bay Rays batting - Pitching for Minnesota Twins : RHP Nick Bruhl
Pitching: RHP Mario Prado
Now at 1B: Carlos Rodela
Now at 3B: Dan Canseco
Now in LF: Danny Strickland
Batting: RHB Jose Cobian 0-0: Called Strike
0-1: Ball
1-1: Foul Ball, location: 5FF
1-2: Ball
2-2: Foul Ball, location: 2F
2-2: DOUBLE (Line Drive, 7LM, EV 86.9 MPH)
Batting: LHB Javier Portilla 0-0: Ball
1-0: Ball
2-0: Called Strike
2-1: Ball
3-1: Called Strike
3-2: Strikes out looking
Pinch Hitting: RHB Mark Fousek 0-0: Ball
1-0: Called Strike
1-1: Ball
2-1: SINGLE (Line Drive, 8RS, EV 88.1 MPH)
Jose Cobian to third
Pinch Hitting: LHB Adam Jensen 0-0: Fly out, F9 (Flyball, 9D, EV 108.1 MPH)
Runner from 3rd tags up, SCORES, no throw by RF
Pinch Hitting: LHB Jose Meza 0-0: Called Strike
0-1: Foul Ball, location: 2F
0-2: Strikes out swinging
Bottom of the 9th over - 1 run, 2 hits, 0 errors, 1 left on base; Minnesota 12 - Tampa Bay 2
Tuesday, April 30th , 2024 - OOTP Baseball 24.11 Build 85